 Dungeon Crawl Stone Soup version 0.17.0-73-gb648821 (webtiles) character file.

21606 Rex the Severer (level 12, -1/104 HPs)
             Began as a Minotaur Fighter on Dec 9, 2015.
             Was a High Priest of Okawaru.
             Slain by Rupert
             ... wielding a +3 battleaxe of freezing
              (8 damage)
             ... on level 3 of the Lair of Beasts.
             The game lasted 00:33:09 (12750 turns).

Rex the Severer (Minotaur Fighter)                 Turns: 12750, Time: 00:33:09

Health: -1/104     AC: 27    Str: 26    XL:     12   Next: 55%
Magic:  7/12       EV:  9    Int:  5    God:    Okawaru [*****.]
Gold:   839        SH: 14    Dex: 10    Spells: 0 memorised, 11 levels left

rFire  . . .     SeeInvis .     d - +7 broad axe (venom)
rCold  . . .     Clarity  .     i - +2 crystal plate armour
rNeg   + . .     SustAt   .     c - +0 shield
rPois  +         Gourm    .     (helmet restricted)
rElec  .         Spirit   .     (no cloak)
rCorr  .         Warding  .     (no gloves)
rMut   .         Stasis   .     (no boots)
MR     .....                    (no amulet)
Stlth  ..........               D - ring of poison resistance
                                h - ring of positive energy

@: heroism, finesse, not resistant to hostile enchantments, extremely unstealthy
A: retaliatory headbutt, horns 2
a: Heroism, Finesse, Renounce Religion


You were on level 3 of the Lair of Beasts.
You worshipped Okawaru.
Okawaru was extremely pleased with you.
You were not hungry.

You visited 3 branches of the dungeon, and saw 14 of its levels.

You collected 927 gold pieces.
You spent 88 gold pieces at shops.

Inventory:

Hand Weapons
 a - a +0 war axe
 d - a +7 broad axe of venom (weapon)
 l - a +1 spear of venom
Armour
 b - a +0 scale mail
 c - a +0 shield (worn)
 i - a +2 crystal plate armour (worn)
 E - the +5 ring mail "Plog" {rElec SInv Stlth+}
   (Okawaru gifted it to you on level 3 of the Lair of Beasts)

   It insulates you from electricity.
   It lets you see invisible.
   It makes you more stealthy.
Jewellery
 h - a ring of positive energy (left hand)
 u - an uncursed ring of flight
 D - a ring of poison resistance (right hand)
Wands
 g - a wand of slowing (14)
 p - a wand of enslavement (9)
 q - a wand of polymorph (0)
 t - a wand of teleportation (1)
 w - a wand of cold (0)
 C - a wand of disintegration (0)
Scrolls
 j - 7 scrolls of identify
 k - 2 scrolls of teleportation
 m - 3 scrolls of magic mapping
 o - 6 scrolls of remove curse
 s - a scroll of enchant armour
 y - 5 scrolls of fear
Potions
 n - 4 potions of curing
 B - a potion of flight
Comestibles
 e - 2 bread rations
 f - 11 chunks of flesh
 r - 5 meat rations
 v - 10 royal jellies


   Skills:
 + Level 9.3(14.3) Fighting
 * Level 15.9(20.9) Axes
 * Level 13.3(18.3) Armour
 + Level 4.0(9.0) Dodging
 + Level 1.0(6.0) Stealth
 + Level 9.5(14.5) Shields
 + Level 1.3(6.3) Unarmed Combat
 + Level 1.7 Invocations
 + Level 0.8 Evocations


You had 11 spell levels left.
You didn't know any spells.

Dungeon Overview and Level Annotations

Branches:
Dungeon (10/15)            Temple (1/1) D:7            Lair (3/8) D:10
  Swamp: Lair:3-6    Shoals: Lair:3-6     Snake: Lair:3-6    Spider: Lair:3-6
    Orc: D:9-12

Altars:
Ashenzari
Cheibriados
Dithmenos
Elyvilon
Fedhas
Gozag
Kikubaaqudgha
Makhleb
Nemelex Xobeh
Okawaru
Qazlal
Ru
Sif Muna
Trog
Vehumet
Xom
Yredelemnul
Zin
The Shining One

Shops:
D:5 (

Portals:
Trove: D:10 (give 23 scrolls of identify)

Annotations:
Lair:3 Rupert


Innate Abilities, Weirdness & Mutations

You reflexively headbutt those who attack you in melee.
You have a pair of horns on your head.


Message History

Rupert is lightly wounded.
Rupert hits you but does no damage.
You closely miss Rupert. Your headbutt misses Rupert.
Rupert is lightly wounded.
You slash Rupert!
Rupert is moderately wounded.
You barely miss Rupert.
Rupert is moderately wounded.
Rupert hits you with a battleaxe of freezing.
Rupert freezes you.
You slash Rupert!
Rupert is moderately wounded.
You slice Rupert like a ripe choko!!!
Rupert is severely wounded.
You slash Rupert! You headbutt Rupert, but do no damage.
Rupert is severely wounded.
Rupert hits you with a battleaxe of freezing!!
* * * LOW HITPOINT WARNING * * *
Rupert freezes you!
You die...

................# ######.÷.÷#
................## #...####
.#.####+.........# ###÷.#..#
.....)...........# ######........
....####.#......####.#.##........
...........#.....................
.................................
..................#P.#...#.#.....
...........+....@######.####.....
...........#....@#### #### #.....
....................###..###.....
..+##...#.##.....................
..................P..##.##.......
..................########.......
...................# ##......
......#####.#####.## #......
.....## ### #.# ###......


You could see Rupert (berserk).

Vanquished Creatures
  A hydra (Lair:1)
  Fannar (D:10)
  The ghost of bezhaha the Spear-Bearer, a journeyman DgGl (D:10)
  The ghost of Phr33k the Covered, a journeyman HuCK of Xom (Lair:1)
  An unseen horror (D:10)
  A hill giant (D:10)
  5 black mambas
  An oklob plant (Lair:2)
  The ghost of Rationalist the Shield-Bearer, a novice FoFi (D:4)
  4 spiny frogs
  A troll (D:9)
  Prince Ribbit (D:7)
  4 blink frogs (Lair:3)
  33 yaks
  2 basilisks
  Grum (D:9)
  A wyvern (D:9)
  4 hippogriffs
  16 wolves
  4 porcupines
  7 water moccasins
  3 ogres
  3 orc warriors
  2 ice beasts (D:9)
  3 centaurs
  A necrophage (D:3)
  4 phantoms
  7 crocodiles
  12 giant frogs
  A water moccasin zombie (D:9)
  3 scorpions
  3 killer bees (D:8)
  A quasit (D:6)
  A wasp zombie (D:9)
  2 crimson imps
  A giant frog zombie (D:5)
  4 hounds
  10 jellies
  3 orc priests
  A centaur skeleton (D:4)
  4 orc wizards
  2 iguanas
  7 worker ants
  A hound zombie (D:10)
  A worker ant zombie (D:10)
  2 hound skeletons
  8 gnolls
  16 adders
  16 river rats
  A shadow imp (D:6)
  5 oozes (D:8)
  2 adder skeletons
  3 giant geckos
  21 orcs
  3 giant cockroaches
  2 gnoll zombies (D:9)
  4 hobgoblins
  A ball python (D:1)
  2 bats (D:1)
  A giant cockroach zombie (D:5)
  A giant gecko zombie (D:5)
  8 giant newts
  8 goblins
  6 kobolds
  6 quokkas
  A quokka skeleton (D:4)
  A quokka zombie (D:9)
  7 rats
  A bush (D:7)
  A fungus (Lair:2)
298 creatures vanquished.

Vanquished Creatures (others)
  A fungus (Lair:3)
  A plant (Lair:2)
2 creatures vanquished.

Grand Total: 300 creatures vanquished

Notes
Turn   | Place    | Note
--------------------------------------------------------------
     0 | D:1      | Rex the Minotaur Fighter began the quest for the Orb.
     0 | D:1      | Reached XP level 1. HP: 19/19 MP: 0/0
   118 | D:1      | Reached skill level 4 in Shields
   169 | D:1      | Reached XP level 2. HP: 27/27 MP: 1/1
  1059 | D:2      | Reached XP level 3. HP: 33/33 MP: 2/2
  1341 | D:2      | Reached skill level 1 in Dodging
  1341 | D:2      | Reached XP level 4. HP: 35/40 MP: 3/3
  1496 | D:3      | Found a glowing silver altar of Zin.
  2109 | D:3      | Reached XP level 5. HP: 37/46 MP: 4/4
  2270 | D:3      | Reached skill level 5 in Shields
  2307 | D:3      | Noticed a necrophage
  2313 | D:3      | Killed a necrophage
  2313 | D:3      | Reached skill level 5 in Armour
  2378 | D:3      | Noticed a two-headed ogre
  2729 | D:4      | Reached XP level 6. HP: 52/52 MP: 5/5
  2975 | D:4      | Noticed Rationalist's ghost (novice FoFi)
  2986 | D:4      | Killed Rationalist's ghost
  2986 | D:4      | Reached skill level 5 in Axes
  2986 | D:4      | Reached XP level 7. HP: 10/60 MP: 6/6
  3467 | D:5      | Entered Level 5 of the Dungeon
  3472 | D:5      | Found Rizucwak's Antique Weapon Shoppe.
  3491 | D:5      | Bought a glowing broad axe for 88 gold pieces
  3647 | D:5      | Reached skill level 6 in Axes
  3801 | D:6      | Noticed a yak
  3805 | D:6      | Reached skill level 1 in Unarmed Combat
  3808 | D:6      | Killed a yak
  3808 | D:6      | Reached skill level 5 in Fighting
  3810 | D:6      | Reached XP level 8. HP: 43/68 MP: 7/7
  4067 | D:6      | Found a shadowy altar of Dithmenos.
  4069 | D:6      | Found a glowing golden altar of the Shining One.
  4071 | D:6      | Found a snail-covered altar of Cheibriados.
  4071 | D:6      | Found an ancient bone altar of Kikubaaqudgha.
  4199 | D:6      | Reached skill level 7 in Axes
  4430 | D:7      | Found a staircase to the Ecumenical Temple.
  4442 | Temple   | Entered the Ecumenical Temple
  4472 | Temple   | Became a worshipper of Warmaster Okawaru
  4795 | D:7      | Noticed Prince Ribbit
  4808 | D:7      | Killed Prince Ribbit
  4808 | D:7      | Reached * piety under Okawaru
  4808 | D:7      | Reached skill level 8 in Axes
  5116 | D:7      | Found a burning altar of Makhleb.
  5117 | D:7      | Found a radiant altar of Vehumet.
  5133 | D:7      | Found a sacrificial altar of Ru.
  5555 | D:8      | Found a shadowy altar of Dithmenos.
  5573 | D:8      | Reached XP level 9. HP: 75/75 MP: 8/8
  5713 | D:8      | Reached skill level 9 in Axes
  5795 | D:8      | Reached ** piety under Okawaru
  5881 | D:8      | Found a shimmering altar of Xom.
  5951 | D:8      | Found a deep blue altar of Sif Muna.
  6096 | D:8      | Reached skill level 1 in Stealth
  6193 | D:9      | Noticed Grum
  6205 | D:9      | Reached skill level 10 in Axes
  6212 | D:9      | Killed Grum
  6672 | D:9      | Reached *** piety under Okawaru
  6957 | D:9      | Reached XP level 10. HP: 84/84 MP: 9/9
  6969 | D:9      | Reached skill level 11 in Axes
  6983 | D:9      | Found a blossoming altar of Fedhas.
  6984 | D:9      | Found a sparkling altar of Nemelex Xobeh.
  7025 | D:9      | Reached skill level 10 in Armour
  7076 | D:9      | Found a basalt altar of Yredelemnul.
  7133 | D:10     | Entered Level 10 of the Dungeon
  7147 | D:10     | Found a portal to a secret trove of treasure.
  7164 | D:10     | Reached **** piety under Okawaru
  7194 | D:10     | Killed an unseen horror
  7293 | D:10     | Found a staircase to the Lair.
  7313 | D:10     | Noticed bezhaha's ghost (journeyman DgGl)
  8475 | D:10     | Noticed Fannar
  8485 | D:10     | Killed Fannar
  8485 | D:10     | Reached skill level 12 in Axes
  8691 | D:10     | Noticed a hill giant
  8699 | D:10     | Killed a hill giant
  8699 | D:10     | Reached ***** piety under Okawaru
  8830 | D:10     | Reached XP level 11. HP: 92/92 MP: 10/10
  8896 | D:10     | Killed bezhaha's ghost
  8896 | D:10     | Reached skill level 13 in Axes
  8942 | Lair:1   | Entered Level 1 of the Lair of Beasts
  8955 | Lair:1   | Reached skill level 1 in Invocations
  8973 | Lair:1   | Noticed Phr33k's ghost (journeyman HuCK)
  8994 | Lair:1   | Killed Phr33k's ghost
  9001 | Lair:1   | Received a gift from Okawaru
  9393 | Lair:1   | Reached skill level 14 in Axes
  9922 | Lair:1   | Noticed a seven-headed hydra
  9925 | Lair:1   | Received a gift from Okawaru
  9941 | Lair:1   | Killed a seven-headed hydra
  9944 | Lair:1   | Got a distressingly furry scale mail {god gift}
  9955 | Lair:1   | Identified the +1 scale mail "Xalyim" {*Drain rN+ MP+9 Dex+3} (Okawaru gifted it to you on level 1 of the Lair of Beasts)
 10784 | Lair:2   | Reached skill level 15 in Axes
 10784 | Lair:2   | Reached XP level 12. HP: 82/103 MP: 12/12
 10800 | Lair:2   | Found a blossoming altar of Fedhas.
 11200 | Lair:2   | Found an ancient bone altar of Kikubaaqudgha.
 11675 | Lair:3   | Received a gift from Okawaru
 11678 | Lair:3   | Got a garnet-encrusted ring mail {god gift}
 11689 | Lair:3   | Identified the +5 ring mail "Plog" {rElec SInv Stlth+} (Okawaru gifted it to you on level 3 of the Lair of Beasts)
 11740 | Lair:3   | Noticed Rupert
 12267 | Lair:3   | HP: 5/104 [Rupert/battleaxe of freezing (4)]
 12338 | Lair:3   | Paralysed by Rupert for 6 turns
 12733 | Lair:3   | Paralysed by Rupert for 4 turns
 12750 | Lair:3   | Slain by Rupert

Action                   |  1- 3 |  4- 6 |  7- 9 | 10-12 || total
-------------------------+-------+-------+-------+-------++-------
Melee: War axe           |    73 |    96 |    11 |       ||   180
       Unarmed           |       |    31 |       |       ||    31
       Broad axe         |       |       |   219 |   423 ||   642
       Spear             |       |       |       |    14 ||    14
Throw: Throwing net      |       |       |       |     2 ||     2
Invok: Heroism           |       |       |       |     3 ||     3
       Finesse           |       |       |       |     2 ||     2
Evoke: Wand              |       |       |       |     6 ||     6
  Use: Scroll            |     5 |     2 |     8 |     5 ||    20
       Potion            |     3 |     5 |     3 |     5 ||    16
  Eat: Chunk             |     1 |     6 |     2 |     5 ||    14
       Bread ration      |       |       |     3 |     2 ||     5
       Fruit             |       |       |       |     4 ||     4
